Unix NetHack Version 5.0.0-0 post-release - last build Jul 14 2026 02:55:29 (1809b74e8187c3a3585e283601c3028b46cbbdcb,branch:main).

Game began 2026-07-14 20:52:52, ended 2026-07-14 21:19:50.

Jinnora, neutral female human Wizard

  ------------
  |..\...(..%|                                                       ---------
  |.[.....[%%)#                                                      |.......|
  |.[....>...|##                                          -----      .....v..|
  ------------ ####  --------       ----------------  ####....|#####*........|
                  #  |...<..|       |...............###`  |...+#   # ---.-----
                  #  |......| ######.........([*....#   ##.(.^.###`    ##
                  #  |......| #     |..............|      |...|#       #
                  #  |.......##     ----------------      |...|##      #
                  #  |....^.|                             -----#####   #
                  ###.b......#######################@@`            #   #
                     --------                         #####        #---.--
                                                          ####     #|....|
                                                             ####  #.....|
                                                                ##  |..Z.|
                                                                 #%#...`.|
                                                                    |....|
                                                                    ------

Jinnora the Thaumaturge   St:13 Dx:13 Co:17 In:18 Wi:10 Ch:9  Neutral
Dlvl:6  $:307 HP:0(56) Pw:9(58) AC:10 Xp:7/832 T:4012  Burdened

Latest messages:
 You stumble into a spider web!
 There is a cave spider corpse here; eat it? [ynq] (n) y
 Blecch!  Rotten food!
 The world spins and goes dark.
 The cave spider bites!
 The cave spider bites!
 The cave spider bites!
 The cave spider bites!
 The cave spider bites!
 You are conscious again.
 You are stuck to the web.
 The cave spider bites!
 You miss the cave spider.
 The cave spider bites!
 In what direction? 7
 The spell misses the cave spider.
 The cave spider bites!
 The cave spider bites!
 In what direction? 7
 The spell misses the cave spider.
 The cave spider bites!
 In what direction? 7
 The spell misses the cave spider.
 The cave spider bites!
 In what direction? 7
 The spell hits the cave spider!
 You kill the cave spider!
 You are stuck to the web.
 You disentangle yourself.
 The Woodland-elf wields a runed spear!
 The Woodland-elf thrusts her runed spear.
 The Woodland-elf hits!
 You hit the Woodland-elf.
 The Woodland-elf thrusts her runed spear.
 The Woodland-elf hits!
 You hit the Woodland-elf!
 The Woodland-elf thrusts her runed spear.
 The Woodland-elf hits!
 In what direction? 4
 The spell misses the Woodland-elf.
 The Woodland-elf thrusts her runed spear.
 The Woodland-elf hits!
 The Woodland-elf thrusts her runed spear.
 The Woodland-elf hits!
 You die...
 Do you want your possessions identified? [ynq] (y) y
 Do you want to see your attributes? [ynq] (y) y
 Do you want an account of creatures vanquished? [ynaq] (y) y
 Do you want to see your conduct and achievements? [ynq] (y) y
 Do you want to see the dungeon overview? [ynq] (y) y

Inventory:
 Coins    ('$')
  $ - 307 gold pieces
 Weapons  (')')
  a - a blessed +1 quarterstaff (weapon in hands)
 Armor    ('[')
  b - an uncursed burnt +0 cloak of magic resistance (being worn)
  T - an uncursed +0 dwarvish mithril-coat
 Comestibles  ('%')
  W - an uncursed banana
  A - 8 uncursed food rations
  H - 2 uncursed tripe rations
  v - 3 uncursed lichen corpses
 Scrolls  ('?')
  k - an uncursed scroll of earth
  M - a blessed scroll of enchant armor
  s - 2 uncursed scrolls of enchant weapon
  z - an uncursed scroll of light
  F - an uncursed scroll of magic mapping
  j - an uncursed scroll of remove curse
  t - an uncursed scroll of scare monster
 Spellbooks  ('+')
  D - an uncursed spellbook of protection
 Potions  ('!')
  w - a cursed potion of blindness
  g - a blessed potion of confusion
  f - an uncursed potion of confusion
  J - an uncursed potion of gain energy
  q - 2 uncursed potions of healing
  o - a cursed potion of levitation
  h - an uncursed potion of object detection
  L - an uncursed potion of water
 Rings    ('=')
  e - an uncursed +1 ring of increase accuracy
  C - a cursed -2 ring of increase accuracy
  r - an uncursed +1 ring of increase damage
  u - an uncursed ring of poison resistance
  d - an uncursed ring of protection from shape changers
 Wands    ('/')
  y - an uncursed wand of digging (0:5)
  E - an uncursed wand of light (0:11)
  c - an uncursed wand of light (0:5)
  m - an uncursed wand of polymorph (0:4)
  x - an uncursed wand of striking (0:5)
  B - an uncursed wand of striking (0:5)
  R - an uncursed wand of striking (0:0)
  Q - an uncursed wand of teleportation (0:4)
  p - an uncursed wand of undead turning (0:6)
 Tools    ('(')
  Y - an uncursed drum of earthquake (0:4)
  n - an uncursed magic marker (0:19)
  X - an uncursed partly used tallow candle
  Z - a cursed partly used wax candle
 Gems/Stones  ('*')
  K - an uncursed jade stone
  G - an uncursed jasper stone
  l - an uncursed worthless piece of blue glass
  I - 2 uncursed worthless pieces of orange glass
  P - an uncursed worthless piece of violet glass
  O - an uncursed worthless piece of yellowish brown glass
  i - an uncursed touchstone

Jinnora the Wizard's attributes:

Background:
 You were a Thaumaturge, a level 7 female human Wizard.
 You were neutral, on a mission for Thoth
 who was opposed by Ptah (lawful) and Anhur (chaotic).
 You were right-handed.
 You were in the Dungeons of Doom, on level 6.
 You entered the dungeon 4012 turns ago.
 There was a new moon in effect when your adventure ended.
 You had 832 experience points, 448 more were needed to attain level 8.

Basics:
 You had 0 out of 56 hit points.
 You had 9 out of 58 energy points (spell power).
 Your armor class was 10.
 Your wallet contained 307 zorkmids.
 Autopickup was off.

Final Characteristics:
 Your strength was 13 (limit:18/100).
 Your dexterity was 13 (limit:18).
 Your constitution was 17 (limit:18).
 Your intelligence was 18 (limit:18).
 Your wisdom was 10 (limit:18).
 Your charisma was 9 (limit:18).

Final Status:
 You weren't hungry.
 You were burdened; movement was slightly slowed.
 You were wielding a quarterstaff.
 You had basic skill with quarterstaff and could have enhanced that.

Final Attributes:
 You were piously aligned.
 You were magic-protected.
 You were warded.
 You are dead.

Miscellaneous:
 You encountered 1 bones level.
 Total elapsed playing time was 26 minutes and 57 seconds.

Major events:
 Turn
    1: Jinnora the neutral female human Wizard entered the dungeon
  455: entered the Gnomish Mines
  822: attained the rank of Conjurer (level 3)
 2352: reached Mine Town
 2889: found Cleaver in a shop
 2895: stole 667 zorkmids worth of merchandise from Pameunpeuk's delicatessen
 3009: attained the rank of Thaumaturge (level 6)
 4012: killed by a Woodland-elf

Spells:
 Name                 Level Category     Fail Retention
 force bolt             1   attack         0%   71%-80%
 jumping                1   escape         0%  76%-100%
 charm monster          5   enchantment   87%   81%-90%
 protection             1   clerical       0%  76%-100%

Skills:
 Fighting Skills
   bare handed combat [Unskilled]
   riding             [Unskilled]
 Weapon Skills
   dagger             [Unskilled]
   knife              [Unskilled]
   axe                [Unskilled]
   short sword        [Unskilled]
   club               [Unskilled]
   mace               [Unskilled]
   quarterstaff       [Basic]
   polearms           [Unskilled]
   spear              [Unskilled]
   trident            [Unskilled]
   sling              [Unskilled]
   dart               [Unskilled]
   shuriken           [Unskilled]
 Spellcasting Skills
   attack spells      [Basic]
   healing spells     [Unskilled]
   divination spells  [Unskilled]
   enchantment spells [Basic]
   clerical spells    [Unskilled]
   escape spells      [Unskilled]
   matter spells      [Unskilled]

Voluntary challenges:
 Character rerolling was not enabled.
 You never genocided any monsters.
 You never polymorphed an object.
 You never changed form.
 You used no wishes.
Achievements:
 You entered the Gnomish Mines.
 You attained the rank of Conjurer.
 You entered Minetown.
 You entered a temple.
 You entered a shop.
 You attained the rank of Thaumaturge.

 The Dungeons of Doom: levels 1 to 7
    Level 1:
    Level 2:
       A grave.
       Stairs down to The Gnomish Mines.
    Level 3:
       Some fountains.
    Level 4:
    Level 5:
       A fountain.
    Level 6: <- You were here.
       A throne.
       Final resting place for
          you, killed by a Woodland-elf.
    Level 7:
 The Gnomish Mines: levels 3 to 6
    Level 3:
    Level 4:
    Level 5:
    Level 6:
       A food shop, a temple and an altar, some fountains, a grave.
       Final resting place for
          rhys-Bar-Hum-Mal-Cha, killed by a soldier ant.


Vanquished creatures:
  2 gnome rulers
  2 dingoes
  a soldier ant
  5 bugbears
  a rock piercer
  a rock mole
  a yellow light
  5 gnome leaders
  2 elf zombies
  a straw golem
  2 floating eyes
  5 dwarves
  2 kobold leaders
  3 kobold shamans
  3 rothes
  a Kop Sergeant
  a dwarf zombie
  a wererat
  2 iguanas
  2 killer bees
 an acid blob
  2 coyotes
  a gas spore
  2 hobbits
  2 large kobolds
  6 hobgoblins
  3 giant rats
  4 cave spiders
  a green mold
  a red mold
 20 gnomes
  a Keystone Kop
  2 gnome zombies
  6 geckos
 10 jackals
  2 foxes
  a kobold
  4 goblins
  a sewer rat
  5 grid bugs
  4 lichens
  a kobold zombie
  3 newts
126 creatures vanquished.

No species were genocided or became extinct.

Game over:
                       ----------
                      /          \
                     /    REST    \
                    /      IN      \
                   /     PEACE      \
                  /                  \
                  |     Jinnora      |
                  |      307 Au      |
                  |   killed by a    |
                  |   Woodland-elf   |
                  |                  |
                  |                  |
                  |       2026       |
                 *|     *  *  *      | *
        _________)/\\_//(\/(/\)/\//\/|_)_______

Goodbye Jinnora the Wizard...

You died in The Dungeons of Doom on dungeon level 6 with 3915 points,
and 307 pieces of gold, after 4012 moves.
You were level 7 with a maximum of 56 hit points when you died.

